 Dungeon Crawl Stone Soup version 0.27-a0-1188-g73eefd5def (webtiles) character file.

Game seed: 13684520764313034131

79 DasRunzen the Slasher (level 3, -2/30 HPs)
             Began as a Demigod Gladiator on May 21, 2021.
             Slain by Grinder (3 damage)
             ... while paralysed by Grinder
             ... on level 3 of the Dungeon.
             The game lasted 00:02:47 (2953 turns).

DasRunzen the Slasher (Demigod Gladiator)           Turns: 2953, Time: 00:02:47

Health: -2/30      AC:  4    Str: 15    XL:     3   Next: 95%
Magic:  7/7        EV:  2    Int: 14    God:
Gold:   84         SH:  0    Dex: 15    Spells: 4/4 levels left

rFire    . . .     SeeInvis .   a - +1 long sword
rCold    . . .     Faith    .   (no shield)
rNeg     . . .     Spirit   .   b - +0 leather armour
rPois    .         Reflect  .   c - +0 helmet
rElec    .         Harm     .   (no cloak)
rCorr    .         Rampage  .   (no gloves)
Will     .....                  (no boots)
Stlth    +.........             (no amulet)
HPRegen  0.10/turn              (no ring)
MPRegen  0.10/turn              (no ring)

@: paralysed
A: high mp 1, forlorn
a: no special abilities


You were on level 3 of the Dungeon.
You visited 1 branch of the dungeon, and saw 3 of its levels.

You collected 84 gold pieces.

Inventory:

Hand Weapons
 a - a +1 long sword (weapon)
Missiles
 d - 3 throwing nets (quivered)
Armour
 b - a +0 leather armour (worn)
 c - a +0 helmet (worn)
Potions
 f - a potion of curing {unknown}
 g - a potion of heal wounds {unknown}


   Skills:
 + Level 2.3 Fighting
 + Level 3.1 Long Blades
 - Level 1.7 Throwing
 + Level 1.3 Armour
 + Level 3.1 Dodging
 + Level 1.2 Spellcasting


You had 4 spell levels left.
You didn't know any spells.
Your spell library was empty.

Dungeon Overview and Level Annotations

Branches:
Dungeon (3/15)

Shops:
D:2 *

Annotations:
D:3 Grinder


Innate Abilities, Weirdness & Mutations

Your attributes grow dramatically as you level up.
You have an increased reservoir of magic. (+10% MP)
You shall have no god before yourself.


Message History

You closely miss Grinder.
Grinder is severely wounded.
Grinder blinks!
Grinder blinks!
No target in view!
Grinder blinks!
You aren't carrying any items that you can evoke.
Grinder blinks!
Your leather armour prevents you from hitting Grinder.
Grinder is severely wounded.
Grinder hits you but does no damage. Grinder gestures at you.
You suddenly lose the ability to move!
Grinder hits you but does no damage. Grinder hits you.
You writhe in agony.
You can move again.
Unknown command.
Unknown command.
You hit Grinder but do no damage.
Grinder is severely wounded.
Grinder blinks!
Grinder blinks!
Grinder gestures at you. You resist with significant effort.
You hit Grinder.
Grinder is severely wounded.
Grinder hits you.
You writhe in agony.
You are too injured to fight recklessly!
You are too injured to fight recklessly!
You hit Grinder.
Grinder is severely wounded.
Grinder gestures at you.
You suddenly lose the ability to move!
Grinder hits you. Grinder hits you!
* * * LOW HITPOINT WARNING * * *
You writhe in agony.
* * * LOW HITPOINT WARNING * * *
Grinder hits you.
You die...

.#..........## ..
............##.#..
#..............#.#
#................#
#...[......#.#...#
##........##.....####
##..........#........#
###.....@5....#<.....#
...............#...>..##.#
..###..........####......#
#...$......# #..##..#
#.........## #..## ##
..........######...#
#.######........#...## #.
########......### .
##.........


You could see Grinder.

Vanquished Creatures
  2 dart slugs
  8 bats
  4 endoplasms
  2 giant cockroaches (D:2)
  6 hobgoblins
  13 jackals
  2 quokkas
  7 ball pythons
  5 frilled lizards
  4 goblins
  5 kobolds
  9 rats
67 creatures vanquished.

Notes
Turn   | Place    | Note
-------+----------+-------------------------------------------
     0 | D:1      | DasRunzen the Demigod Gladiator began the quest for the
                  | Orb.
     0 | D:1      | Reached XP level 1. HP: 17/17 MP: 3/3
   382 | D:1      | Reached XP level 2. HP: 17/24 MP: 4/4
  1165 | D:1      | Reached skill level 1 in Armour
  1295 | D:1      | Reached XP level 3. HP: 28/29 MP: 6/6
  1910 | D:2      | Reached skill level 1 in Spellcasting
  1921 | D:2      | Found Juucolli's General Store.
  2929 | D:3      | Noticed Grinder
  2942 | D:3      | Paralysed by Grinder for 3 turns
  2950 | D:3      | Paralysed by Grinder for 5 turns
  2952 | D:3      | HP: 1/30 [Grinder (4)]
  2953 | D:3      | Slain by Grinder

Illustrated notes

Levels and vault maps discovered:
D:1:      dpeg_arrival_shrine, layout_loops_ring, serial_co_window_serial,
          co_window_paths_a, co_window_corner_a, co_window_corner_a,
          co_window_cross_1, co_window_corner_a, co_window_corner_a,
          co_window_corner_ca, co_window_cross_4, co_window_unsneaky_path_d,
          co_window_unsneaky_path_c, glass_columns_c, glass_columns_c,
          glass_columns_a, glass_columns_a, minmay_pentomino_x2
D:2:      layout_loops_ring, chequers_ecumenical_altar_island, basic_altar,
          serial_shops, shop_fountains
D:3:      layout_rooms, skrybe_limestone_x, uniq_grinder

Skill      XL: |  1  2  3 |
---------------+----------+-----
Fighting       | 2 |  2.3
Long Blades    | 3 |  3.1
Armour         | 1 |  1.3
Dodging        | 3 |  3.1
Spellcasting   | 1 |  1.2
Throwing       | |  1.7

Action                   || total
-------------------------++-------
Melee: Long sword        ||   189
  Use: Scroll            ||     5
Armor: Leather armour    ||    76
Dodge: Dodged            ||   179
       Rpst.: Long sword ||    46

Table legend: (Time is in decaauts)
 A = Elapsed time spent in this place.
 B = Non-inter-level travel time spent in this place.
 C = Inter-level travel time spent in this place.
 D = Time resting spent in this place.
 E = Time spent auto-exploring this place.
 F = Levels seen in this place.
 G = Mean time per level.
                   A        B        C        D        E       F      G
               +--------+--------+--------+--------+--------+-----+--------+
         Total |   3007 |   2991 |     16 |    357 |   2190 |   3 | 1002.3 |
       Dungeon |   3007 |   2991 |     16 |    357 |   2190 |   3 | 1002.3 |
               +--------+--------+--------+--------+--------+-----+--------+

Top non-repeatable levels by time:
     D:1: 1917 daAuts
     D:2: 1042 daAuts
     D:3: 47 daAuts
